 Dungeon Crawl Stone Soup version 0.17.2 (webtiles) character file.

518 Goblin1989 the Skirmisher (level 7, 0/56 HPs)
             Began as a Demonspawn Hunter on July 9, 2016.
             Slain by an iguana (12 damage)
             ... on level 4 of the Dungeon.
             The game lasted 00:08:40 (3600 turns).

Goblin1989 the Skirmisher (Demonspawn Hunter)       Turns: 3600, Time: 00:08:41

Health: 0/56       AC:  5    Str: 12    XL:     7   Next: 1%
Magic:  7/7        EV: 12    Int: 12    God:
Gold:   162        SH:  0    Dex: 16    Spells: 0 memorised, 6 levels left

rFire  . . .     SeeInvis .     b - +0 whip
rCold  . . .     Clarity  .     c - +0 leather armour
rNeg   . . .     SustAt   .     (no shield)
rPois  .         Gourm    .     (no helmet)
rElec  .         Spirit   .     (no cloak)
rCorr  .         Warding  .     (no gloves)
rMut   .         Stasis   .     n - +1 pair of boots
MR     .....                    (no amulet)
Stlth  ++........               (no ring)
                                (no ring)

@: not resistant to hostile enchantments, unstealthy
A: hooves 1, powered by death 2
a: no special abilities


You were on level 4 of the Dungeon.
You were not hungry.

You visited 1 branch of the dungeon, and saw 4 of its levels.

You collected 162 gold pieces.

Inventory:

Hand Weapons
 a - a +1 shortbow
 b - a +0 whip (weapon)
Missiles
 d - 40 arrows (quivered)
 f - 24 arrows of dispersal
Armour
 c - a +0 leather armour (worn)
 n - a +1 pair of boots (worn)
Jewellery
 l - an uncursed ring of ice {unknown}
 o - a +2 ring of dexterity {unknown}
Scrolls
 g - 2 scrolls of remove curse {unknown}
 i - a scroll of fear {unknown}
 k - 2 scrolls of identify {unknown}
 q - a scroll of magic mapping {unknown}
 t - a scroll of blinking {unknown}
 u - a scroll of enchant weapon {unknown}
Potions
 h - a potion of haste
 m - a potion of curing {unknown}
 r - a potion of brilliance {unknown}
Comestibles
 e - 5 bread rations
 j - 4 meat rations
 p - 2 fruits
 s - 2 beef jerkies


   Skills:
 - Level 5.2 Fighting
 + Level 4.8 Maces & Flails
 - Level 3.6 Bows
 - Level 1.7 Dodging
 - Level 0.8 Stealth


You had 6 spell levels left.
You didn't know any spells.

Dungeon Overview and Level Annotations

Branches:
Dungeon (4/15)
 Temple: D:4-7

Altars:
Ashenzari
Dithmenos
The Shining One


Innate Abilities, Weirdness & Mutations

You have large cloven feet.
You regenerate health from kills.


Message History

You are too injured to fight recklessly!
You are too injured to fight recklessly!
You are too injured to fight recklessly!
You are too injured to fight recklessly!
You are too injured to fight recklessly!
You are too injured to fight recklessly!
You are too injured to fight recklessly!
You are too injured to fight recklessly!
The iguana barely misses you.
You hit the iguana but do no damage. The iguana bites you!
You take 12 damage, and have 21/56 hp.
MASSIVE DAMAGE!!
You closely miss the iguana. You hit the iguana. The iguana barely misses you.
You hit the iguana but do no damage. The iguana barely misses you.
You hit the iguana. The iguana closely misses you.
You hit the iguana but do no damage. The iguana bites you!
* * * LOW HITPOINT WARNING * * *
You take 10 damage, and have 12/56 hp.
You barely miss the iguana. The iguana bites you!
You die...

#....#...................
#....#..(................
#....#..>................
#....#...................
#....#...................
##'###...................
....####'########'##....
....#.....#........# .
....#.....#....l@..#
....'.....#........#
....#.....#........#
....#.....#........#
....################
#####


You could see an iguana.

Vanquished Creatures
  An orc warrior (D:4)
  2 orc wizards
  A giant frog skeleton (D:4)
  2 orc priests
  4 worker ants (D:4)
  5 adders
  7 gnolls
  An ooze (D:2)
  3 worms
  6 orcs
  6 giant cockroaches
  3 hobgoblins
  3 quokkas (D:3)
  A ball python (D:4)
  8 bats
  A giant gecko (D:4)
  2 giant newts
  6 goblins
  8 jackals
  2 kobolds
  8 rats
80 creatures vanquished.

Vanquished Creatures (others)
  2 fungi (D:3)
  A plant (D:3)
3 creatures vanquished.

Grand Total: 83 creatures vanquished

Notes
Turn   | Place    | Note
--------------------------------------------------------------
     0 | D:1      | Goblin1989 the Demonspawn Hunter began the quest for the Orb.
     0 | D:1      | Reached XP level 1. HP: 16/16 MP: 1/1
   442 | D:1      | Gained mutation: You regenerate a little health from kills. [demonic ancestry]
   442 | D:1      | Reached XP level 2. HP: 21/23 MP: 2/2
   927 | D:2      | Found a glowing golden altar of the Shining One.
   981 | D:2      | Found a faded altar to an unknown god.
  1302 | D:2      | Reached XP level 3. HP: 29/29 MP: 3/3
  1581 | D:3      | Reached skill level 4 in Fighting
  1767 | D:3      | Gained mutation: You regenerate health from kills. [demonic ancestry]
  1767 | D:3      | Reached XP level 4. HP: 36/38 MP: 4/4
  1894 | D:3      | Reached skill level 5 in Fighting
  1894 | D:3      | Gained mutation: You have large cloven feet. [demonic ancestry]
  1894 | D:3      | Reached XP level 5. HP: 39/44 MP: 5/5
  2184 | D:3      | Found a shadowy altar of Dithmenos.
  2262 | D:3      | Found a shattered altar of Ashenzari.
  2266 | D:3      | Saw a vision of the Swamp and the Spider Nest.
  2266 | D:3      | Noticed a wasp
  2266 | D:3      | Noticed a redback
  2266 | D:3      | Noticed a scorpion
  2266 | D:3      | Noticed a scorpion
  2266 | D:3      | Noticed a redback
  2266 | D:3      | Noticed a redback
  2266 | D:3      | Noticed a redback
  2266 | D:3      | Noticed a swamp drake
  2266 | D:3      | Noticed a wasp
  2266 | D:3      | Noticed an alligator
  2266 | D:3      | Noticed a water moccasin
  2266 | D:3      | Noticed a trapdoor spider
  2268 | D:3      | Noticed a redback
  2269 | D:3      | Noticed a redback
  2269 | D:3      | Noticed a spider
  2466 | D:3      | Reached skill level 1 in Maces & Flails
  2628 | D:3      | HP: 2/44 [poisoned by a worker ant]
  2634 | D:3      | HP: 2/44 [poisoned by a worker ant]
  3007 | D:4      | Reached XP level 6. HP: 51/51 MP: 6/6
  3023 | D:4      | Noticed an orc warrior
  3035 | D:4      | Killed an orc warrior
  3543 | D:4      | Reached XP level 7. HP: 49/56 MP: 7/7
  3600 | D:4      | Slain by an iguana

Action                   |  1- 3 |  4- 6 |  7- 9 || total
-------------------------+-------+-------+-------++-------
Melee: Whip              |       |   103 |    14 ||   117
 Fire: Shortbow          |   102 |   186 |       ||   288
  Use: Potion            |       |     1 |       ||     1
  Eat: Chunk             |     1 |     5 |       ||     6
       Fruit             |     1 |     2 |       ||     3
